 Dungeon Crawl Stone Soup version 0.31-a0-1447-g87ca8d402b (webtiles) character file.

Game seed: 17878714850749772039

4515 Slobodan the Basher (level 10, -13/111 HPs)
             Began as an Oni Berserker on Dec 27, 2023.
             Was an Elder of Trog.
             Mangled by a sun demon (16 damage)
             ... led by a balrug
             ... on level 2 of the Abyss.
             The game lasted 00:50:11 (5878 turns).

Slobodan the Basher (Oni Berserker)                 Turns: 5878, Time: 00:50:12

Health: -13/111    AC: 10    Str: 27    XL:     10   Next: 39%
Magic:  10/10      EV: 10    Int: 14    God:    Trog [****..]
Gold:   129        SH:  5    Dex:  8    Spells: 9/9 levels left

rFire   . . .        a - +2 mace (venom)
rCold   . . .        (no shield)
rNeg    . . .        C - +4 steam dragon scales
rPois   .            (helmet restricted)
rElec   .            (no cloak)
rCorr   .            (gloves unavailable)
SInv    .            (boots unavailable)
Will    +....        y - amulet of reflection
Stlth   +            k - +6 ring of intelligence
HPRegen 0.38/turn    (no ring)
MPRegen 0.12/turn

%: reflection
@: no status effects
A: large, unfitting armour, horns 1, tough skin 1, double potion healing,
drunken brawling
a: Renounce Religion, Berserk, Trog's Hand, Brothers in Arms


You were on level 2 of the Abyss.
You worshipped Trog.
Trog was greatly pleased with you.
You visited 2 branches of the dungeon, and saw 9 of its levels.
You visited the Abyss 1 time.
You also visited: Ossuary.

You collected 363 gold pieces.
You spent 234 gold pieces at shops.

Inventory:

Hand Weapons
 a - a +2 mace of venom (weapon)
 b - a +1 morningstar of freezing
 h - a +1 flail of protection
Missiles
 c - 7 boomerangs (quivered)
 i - 8 large rocks
 l - 9 poisoned darts
 u - a throwing net
 H - a curare-tipped dart
Armour
 w - a +2 robe of fire resistance
 C - +4 steam dragon scales (worn)
Jewellery
 k - a +6 ring of intelligence (left hand)
 y - an amulet of reflection (around neck)
 E - a +6 ring of intelligence
Wands
 s - a wand of quicksilver (1)
 v - a wand of flame (33)
 D - a wand of roots (14)
 L - a wand of charming (5)
Scrolls
 e - 2 scrolls of poison
 f - 2 scrolls of teleportation
 j - a scroll of vulnerability
 m - a scroll of torment
 p - 2 scrolls of immolation
 z - a scroll of revelation
 G - 2 scrolls of fog {unknown}
 I - a scroll of identify
 K - a scroll of enchant weapon {unknown}
Potions
 d - a potion of berserk rage {unknown}
 g - 7 potions of curing
 n - 2 potions of brilliance {unknown}
 o - a potion of lignification {unknown}
 q - 2 potions of might
 r - a potion of attraction
 t - a potion of haste {unknown}
 x - a potion of cancellation {unknown}
 A - a potion of resistance {unknown}
 B - a potion of degeneration {unknown}
 F - a potion of mutation {unknown}
 J - a potion of heal wounds {unknown}


   Skills:
 + Level 10.7 Fighting
 * Level 11.0 Maces & Flails
 - Level 6.0 Throwing
 - Level 3.0 Armour
 - Level 3.0 Dodging


You had 9 spell levels left.
You didn't know any spells.
Your spell library was empty.

Dungeon Overview and Level Annotations

Branches:
Dungeon (8/15)             Temple (1/1) D:5         Ossuary (visited)
   Lair: D:8-11

Altars:
Ashenzari
Cheibriados
Dithmenos
Elyvilon
Fedhas
Gozag
Hepliaklqana
Kikubaaqudgha
Makhleb
Nemelex Xobeh
Okawaru
Ru
Sif Muna
Trog
Uskayaw
Vehumet
Wu Jian
Xom
Zin
The Shining One

Shops:
D:1 *   D:7 ?

Annotations:
D:4 3 runed translucent doors, DEFE's ghost, novice DsWn


Innate Abilities, Weirdness & Mutations

You are too large for most types of armour.
You have a pair of small horns on your head.
You have tough skin. (AC +1)
You gain doubled healing and magic from potions.
Whenever you drink a healing potion, you attack all around you.


Message History

The ynoxinul is heavily wounded.
The ufetubus disappears in a puff of smoke!
The ufetubus hits you but does no damage.
You block the ufetubus's attack.
Your black bear bites the ufetubus.
The ufetubus dies!
The ufetubus disappears in a puff of smoke!
The ufetubus hits you. x2
You sock the ynoxinul!
You kill the ynoxinul!
Trog accepts your kill.
The ufetubus disappears in a puff of smoke! x6
Unknown command.
You sock the sun demon!
The sun demon looks as sick as possible!
The sun demon is moderately wounded.
You block the sun demon's attack.
Your black bear bites the sun demon!
Your black bear claws the sun demon.
Your black bear misses the sun demon.
Unknown command.
You hit the sun demon.
The sun demon is heavily wounded.
The sun demon hits you!!
You are engulfed in flames!
Your black bear bites the sun demon but does no damage.
Your black bear barely misses the sun demon.
Your black bear claws the sun demon but does no damage.
Unknown command.
You strike the helpless sun demon from behind!
You hit the sun demon.
The sun demon is severely wounded.
The sun demon hits you.
You are engulfed in flames!
Your black bear barely misses the sun demon. x2
Your black bear closely misses the sun demon.
The large abomination hits you!!
* * * LOW HITPOINT WARNING * * *
Your black bear bites the sun demon but does no damage.
Your black bear claws the sun demon but does no damage.
Your black bear closely misses the sun demon.
The sun demon hits you!
* * * LOW HITPOINT WARNING * * *
You are engulfed in flames!
You die...

. .. .# ##. . # ..
.. . #. . #.#. #.#
#..### ....##.X.#
#.#..h.#. ##.##.@3#
. ...#...#
..#.#.#.## # #
.#...### # #
#...##..#...# .. #
#..#.##...........#
##.. . .###.# .##
....# .#.#.#...
..#... .# .. #


You could see a sun demon (extremely poisoned, ally target), a large abomination
and a friendly black bear (summoned, berserk).

Vanquished Creatures
  Pikel (D:8)
  Grinder (D:3)
  A ynoxinul (Abyss:2)
  3 steam dragons
  2 water moccasins (D:6)
  An acid dragon (D:6)
  An ice beast (D:6)
  A sky beast (D:4)
  2 black bears
  2 orc warriors
  2 centaurs
  A kobold brigand (D:8)
  Blork the orc (D:4)
  2 bullfrogs
  2 scorpions
  3 wights (D:6)
  3 killer bees (D:7)
  An electric eel (D:8)
  A crimson imp (D:8)
  2 centaur zombies (Ossuary)
  2 bombardier beetles (D:6)
  2 hounds
  2 jellies
  A gnoll bouda (D:5)
  7 orc priests
  3 human zombies (Ossuary)
  Ijyb (D:3)
  6 orc wizards
  An iguana (D:6)
  4 hound zombies (Ossuary)
  2 mummies (Ossuary)
  12 gnolls
  7 adders
  2 shadow imps
  3 white imps (D:6)
  3 adder zombies (Ossuary)
  3 worms
  A dart slug (D:2)
  32 orcs
  6 endoplasms
  2 giant cockroaches
  7 goblins
  11 hobgoblins
  3 jackals (D:1)
  4 quokkas
  12 ball pythons
  2 bats
  A frilled lizard (D:2)
  7 gnoll zombies (Ossuary)
  4 jackal zombies (Ossuary)
  17 kobolds
  9 kobold zombies (Ossuary)
  4 orc zombies (Ossuary)
  7 rats
223 creatures vanquished.

Vanquished Creatures (collateral kills)
  Maggie (D:8)
  A kobold brigand (D:8)
  A kobold (D:8)
3 creatures vanquished.

Vanquished Creatures (others)
  A sky beast (D:8)
1 creature vanquished.

Grand Total: 227 creatures vanquished

Notes
Turn   | Place    | Note
-------+----------+-------------------------------------------
     0 | D:1      | Slobodan the Oni Berserker began the quest for the Orb.
     0 | D:1      | Reached XP level 1. HP: 24/24 MP: 1/1
   141 | D:1      | Reached XP level 2. HP: 16/32 MP: 2/2
   378 | D:1      | Found Cyiguit's Assorted Antiques.
   387 | D:1      | Bought a scroll labelled ISEECIDGHUOC for 27 gold pieces
   411 | D:1      | Reached XP level 3. HP: 40/40 MP: 3/3
   656 | D:2      | Reached skill level 4 in Maces & Flails
   696 | D:2      | Reached ** piety under Trog
  1047 | D:3      | Reached XP level 4. HP: 49/49 MP: 4/4
  1059 | D:3      | Found a faded altar of an unknown god.
  1092 | D:3      | Reached skill level 1 in Throwing
  1160 | D:3      | Noticed Grinder
  1205 | D:3      | Reached skill level 5 in Fighting
  1258 | D:3      | You fall into a shaft and drop 2 floors!
  1258 | D:5      | Entered Level 5 of the Dungeon
  1351 | D:5      | Found a staircase to the Ecumenical Temple.
  1360 | Temple   | Entered the Ecumenical Temple
  1498 | D:4      | Found a bloodstained altar of Trog.
  1639 | D:3      | Noticed Ijyb
  1645 | D:3      | Killed Ijyb
  1646 | D:3      | Reached XP level 5. HP: 57/57 MP: 5/5
  1657 | D:3      | Killed Grinder
  1658 | D:3      | Reached skill level 5 in Maces & Flails
  1658 | D:3      | Reached XP level 6. HP: 67/67 MP: 6/6
  2084 | D:4      | Noticed Blork the orc
  2091 | D:4      | Killed Blork the orc
  2132 | D:4      | Noticed a black bear
  2141 | D:4      | Killed a black bear
  2142 | D:4      | Reached skill level 6 in Maces & Flails
  2142 | D:4      | Reached XP level 7. HP: 76/76 MP: 7/7
  2146 | D:4      | Found a shadowy altar of Dithmenos.
  2440 | D:4      | Found a runed translucent gate.
  2440 | D:4      | Found a runed translucent gate.
  2441 | D:4      | Found a runed translucent gate.
  2444 | D:4      | Noticed DEFE's ghost (novice DsWn)
  2789 | D:1      | Bought a thick jade amulet for 135 gold pieces
  2789 | D:1      | Bought a scroll labelled MEOTRI VOIHE for 27 gold pieces
  2971 | D:5      | Reached *** piety under Trog
  2972 | D:5      | Reached skill level 7 in Maces & Flails
  2972 | D:5      | Reached XP level 8. HP: 81/87 MP: 8/8
  3365 | D:6      | Identified the +1 whip of Kindness {flame, Stlth+}
  3680 | D:6      | Reached skill level 8 in Maces & Flails
  3923 | D:6      | Reached skill level 5 in Throwing
  4017 | D:6      | Reached XP level 9. HP: 94/97 MP: 9/9
  4268 | D:6      | Reached skill level 9 in Maces & Flails
  4442 | D:7      | Found a hazy altar of Hepliaklqana.
  4489 | D:7      | Found Asetucw's Magic Scroll Shoppe.
  4504 | D:7      | Bought a scroll of identify for 30 gold pieces
  4504 | D:7      | Bought a scroll of noise for 15 gold pieces
  4893 | D:8      | Found a sand-covered staircase.
  4901 | Ossuary  | Entered an ossuary
  4920 | Ossuary  | Reached **** piety under Trog
  5063 | Ossuary  | Reached skill level 1 in Armour
  5246 | D:8      | Reached skill level 10 in Maces & Flails
  5400 | D:8      | Noticed Maggie
  5406 | D:8      | Killed Maggie
  5407 | D:8      | Reached XP level 10. HP: 97/110 MP: 10/10
  5449 | D:8      | Reached skill level 10 in Fighting
  5512 | D:8      | Found a burning altar of Makhleb.
  5633 | D:8      | Noticed Pikel
  5649 | D:8      | Killed Pikel
  5666 | D:8      | Reached skill level 11 in Maces & Flails
  5802 | Abyss:2  | Cast into level 2 of the Abyss (gnoll sergeant)
  5863 | Abyss:2  | Noticed a sun demon
  5870 | Abyss:2  | Noticed a large abomination
  5878 | Abyss:2  | HP: 3/111 [sun demon[a balrug] (16)]
  5878 | Abyss:2  | Mangled by a sun demon

Illustrated notes

Levels and vault maps discovered:
D:1:      lightli_arrival_quake, layout_basic, serial_shops,
          nicolae_shop_hallway_stairs, chequers_mini_garden
D:2:      layout_loops_ring, guppyfry_early_orc_mine
D:3:      layout_basic, hellmonk_ecumenical_altar_blasted, uniq_grinder,
          uniq_ijyb
D:4:      layout_loops_ring, lemuel_crystal_altar,
          nicolae_dithmenos_shadow_blocks, gammafunk_ghost_necromancy,
          kennysheep_generic_room_13, uniq_blork_the_orc
D:5:      layout_loops_ring, temple_hall, serial_glass, glass_columns_a,
          glass_columns_a, glass_columns_a, glass_columns_b
D:6:      layout_gridville
D:7:      layout_cave_pools, lemuel_tele_altar, serial_shops, shop_scrolls
D:8:      layout_basic, makhleb_grotto_becter, enter_ossuary_1, minmay_orc_keep,
          uniq_maggie, uniq_pikel
Temple:   nicolae_temple_bog_church
Abyss:2:  base:
Temple

Skill      XL: |  1  2  3  4  5  6  7  8  9 10 |
---------------+-------------------------------+-----
Maces & Flails | 4 5 6 7 8 10 11 | 11.0
Throwing       | 1 2 3 5 6 |  6.0
Fighting       | 5 6 7 8 9 10 | 10.7
Dodging        | 3 |  3.0
Armour         | 2 3 |  3.0

Action                     |  1- 3 |  4- 6 |  7- 9 | 10-12 || total
---------------------------+-------+-------+-------+-------++-------
  Melee: Mace              |    92 |     6 |   167 |    76 ||   341
         Headbutt          |     6 |    10 |    48 |    10 ||    74
         Flail             |       |    55 |    51 |       ||   106
         Punch             |       |     2 |     4 |     3 ||     9
         Morningstar       |       |       |    98 |       ||    98
  Throw: Stone             |     8 |    12 |       |       ||    20
         Dart              |    11 |     4 |       |       ||    15
         Boomerang         |    19 |    31 |    56 |       ||   106
 Invoke: Berserk           |     3 |     3 |     5 |     3 ||    14
         Trog's Hand       |       |     1 |     3 |     1 ||     5
         Brothers in Arms  |       |       |     1 |     1 ||     2
  Evoke: Wand              |       |       |     2 |     4 ||     6
    Use: Scroll            |       |       |    13 |       ||    13
         Potion            |       |       |     2 |       ||     2
   Stab: Sleeping          |       |       |     1 |       ||     1
         Distracted        |       |       |       |     1 ||     1
 Armour: Animal skin       |    60 |    22 |       |       ||    82
         Robe              |       |       |    90 |       ||    90
         Steam dragon scal |       |       |    97 |    79 ||   176
  Dodge: Dodged            |    36 |    16 |   128 |    32 ||   212
  Block: Other             |       |       |    43 |    22 ||    65
         Reflection        |       |       |     1 |       ||     1

Table legend: (Time is in decaauts)
 A = Elapsed time spent in this place.
 B = Non-inter-level travel time spent in this place.
 C = Inter-level travel time spent in this place.
 D = Time resting spent in this place.
 E = Time spent auto-exploring this place.
 F = Levels seen in this place.
 G = Mean time per level.
                   A        B        C        D        E       F      G
               +--------+--------+--------+--------+--------+-----+--------+
         Total |   6042 |   5868 |    174 |    929 |      0 |  11 |  549.3 |
       Dungeon |   5700 |   5526 |    174 |    875 |      0 |   8 |  712.5 |
        Temple |      1 |      1 |      0 |      0 |      0 |   1 |    1.0 |
         Abyss |     88 |     88 |      0 |     54 |      0 |   1 |   88.0 |
       Ossuary |    252 |    252 |      0 |      0 |      0 |   1 |  252.0 |
               +--------+--------+--------+--------+--------+-----+--------+

Top non-repeatable levels by time:
     D:6: 1078 daAuts
     D:8: 808 daAuts
     D:5: 792 daAuts
     D:3: 748 daAuts
     D:4: 688 daAuts
     D:2: 592 daAuts
     D:1: 592 daAuts
     D:7: 398 daAuts
 Ossuary: 252 daAuts
 Abyss:2: 88 daAuts
  Temple: 1 daAuts
